[Event "Team 45 45 League T98"]
[Site "Internet Chess Club"]
[Date "2023.12.21"]
[Round "6"]
[White "herrahuu"]
[Black "tightfist"]
[Result "0-1"]
[WhiteElo "1419"]
[BlackElo "1470"]
[Opening "French: advance, Milner-Barry gambit"]
[ECO "C02"]
[Time "10:06:30"]
[PlyCount "48"]
[TimeControl "2700+45"]

1. e4 e6 2. d4 d5 3. e5 c5 4. c3 Qb6 5. Nf3 Nc6 6. Bd3 Bd7 7. O-O cxd4 8. Re1
dxc3 9. Nxc3 Nge7 10. h4 Ng6 11. h5 Nge7 12. Ng5 g6 13. Qf3 Nf5 14. g4 Nh6 15.
hxg6 hxg6 16. Nxf7 Nxf7 17. Bxg6 O-O-O 18. Bxf7 Be7 19. g5 Nd4 20. Qd3 Nf5 21.
g6 Rh4 22. a4 Rdh8 23. Kf1 Rh1+ 24. Ke2 Nd4+ {White resigns} 0-1

[Event "Team 45 45 League T98"]
[Site "Internet Chess Club"]
[Date "2023.12.22"]
[Round "6"]
[White "fhunfi"]
[Black "elmaestro"]
[Result "1/2-1/2"]
[WhiteElo "1717"]
[BlackElo "1663"]
[Opening "Sicilian defense"]
[ECO "B20"]
[Time "17:41:23"]
[PlyCount "71"]
[TimeControl "2700+45"]

1. e4 c5 2. a3 Nc6 3. b4 cxb4 4. axb4 Nxb4 5. c3 Nc6 6. d4 e6 7. Bd3 g6 8. f4 d6
9. Nf3 Nge7 10. O-O Bg7 11. Be3 Bd7 12. Nbd2 O-O 13. Qe2 a6 14. Kh1 d5 15. e5 f5
16. exf6 Bxf6 17. Ne5 Nxe5 18. fxe5 Bg7 19. Nb3 Nf5 20. Bf2 Qe7 21. Nc5 Bc6 22.
Qe1 Rf7 23. Qe2 Raf8 24. Kg1 Bh6 25. g3 Ng7 26. Be3 Bxe3+ 27. Qxe3 Nf5 28. Qd2
Ng7 29. Rxf7 Rxf7 30. Kg2 Qf8 31. Qe2 Qe7 32. Ra2 Qg5 33. Ra1 Qe7 34. Ra2 Qc7
35. Qg4 Qe7 36. Qe2 {Game drawn by repetition} 1/2-1/2

[Event "Team 45 45 League T98"]
[Site "Internet Chess Club"]
[Date "2023.12.23"]
[Round "6"]
[White "DimEyeChessGuy"]
[Black "evan7284"]
[Result "1-0"]
[WhiteElo "1602"]
[BlackElo "1584"]
[Opening "Petrov: classical attack, Marshall variation"]
[ECO "C42"]
[Time "09:00:36"]
[PlyCount "35"]
[TimeControl "2700+45"]

1. e4 e5 2. Nf3 Nf6 3. Nxe5 d6 4. Nf3 Nxe4 5. d4 d5 6. Bd3 Bd6 7. O-O O-O 8. Re1
Re8 9. c4 c6 10. Qb3 Na6 11. cxd5 cxd5 12. Nc3 Bb4 13. Bg5 Nxg5 14. Nxg5 Rxe1+
15. Rxe1 Qxg5 16. Re8+ Bf8 17. Qa3 Bh3 18. Qxf8# {Black checkmated} 1-0

[Event "Team 45 45 League T98"]
[Site "Internet Chess Club"]
[Date "2023.12.22"]
[Round "6"]
[White "BrerRabbit"]
[Black "burlap"]
[Result "0-1"]
[WhiteElo "1294"]
[BlackElo "1498"]
[Opening "Queen's pawn game, Darooha variation "]
[ECO "E06"]
[Time "19:34:43"]
[PlyCount "110"]
[TimeControl "2700+45"]

1. d4 d5 2. Nf3 Nf6 3. g3 e6 4. Bg2 Be7 5. O-O O-O 6. c4 dxc4 7. Qc2 a6 8. a4
Bd7 9. Qxc4 Bc6 10. Bg5 Bd5 11. Qc2 Be4 12. Qc1 h6 13. Bxf6 Bxf6 14. Rd1 c6 15.
Nbd2 Bxf3 16. Nxf3 a5 17. e3 Na6 18. Ne1 Nc7 19. Nd3 Nd5 20. Nc5 b6 21. Nd3 Rc8
22. Qd2 c5 23. dxc5 bxc5 24. Rac1 c4 25. Nf4 Nxf4 26. Qxd8 Rcxd8 27. exf4 Rxd1+
28. Rxd1 Bxb2 29. Rd7 c3 30. Rc7 Rd8 31. Be4 g6 32. Bc2 Rd2 33. Bb3 Kf8 34. Kf1
Ke8 35. Kg2 Kd8 36. Rc5 Kd7 37. Rxa5 c2 38. Bxc2 Rxc2 39. Ra7+ Ke8 40. Ra8+ Ke7
41. Ra7+ Kf6 42. h3 Bd4 43. Ra8 Bxf2 44. Kf3 Ra2 45. a5 Be1 46. a6 Ra3+ 47. Ke4
Bf2 48. g4 h5 49. gxh5 gxh5 50. f5 exf5+ 51. Kd5 f4 52. Kc6 f3 53. Kb7 Bg1 54.
a7 Rxa7+ 55. Rxa7 Bxa7 {White resigns} 0-1

[Event "Team 45 45 League T98"]
[Site "Internet Chess Club"]
[Date "2023.12.23"]
[Round "6"]
[White "oldprez1"]
[Black "BIRDSMAN"]
[Result "0-1"]
[WhiteElo "1206"]
[BlackElo "1369"]
[Opening "Réti: old Indian attack"]
[ECO "A06"]
[Time "14:00:23"]
[PlyCount "78"]
[TimeControl "2700+45"]

1. Nf3 d5 2. d3 Nf6 3. g3 b6 4. Bg2 Bb7 5. Nbd2 e6 6. O-O c5 7. e4 dxe4 8. dxe4
Be7 9. Qe2 O-O 10. b3 Nc6 11. Bb2 Qc7 12. e5 Nd7 13. Nc4 b5 14. Na3 a6 15. c4 b4
16. Nc2 Rfd8 17. a3 a5 18. Rfe1 Nb6 19. a4 Rd7 20. Rad1 Rad8 21. Rxd7 Qxd7 22.
Ne3 Qd3 23. Bf1 Qxb3 24. Qc2 Qxc2 25. Nxc2 Nxa4 26. Rb1 Nxb2 27. Rxb2 a4 28.
Nfe1 Nd4 29. Nxd4 Rxd4 30. f4 Ba6 31. Nf3 Rd7 32. Kf2 a3 33. Ra2 Bb7 34. Nd2 Rd4
35. Nb3 Rd1 36. Na5 Be4 37. Bg2 Bxg2 38. Kxg2 Rb1 39. Nc6 Rb2+ {White resigns}
0-1

[Event "Team 45 45 League T98"]
[Site "Internet Chess Club"]
[Date "2023.12.22"]
[Round "6"]
[White "burlap"]
[Black "Electryon"]
[Result "1-0"]
[WhiteElo "1490"]
[BlackElo "1595"]
[Opening "Queen's pawn: London system"]
[ECO "A45"]
[Time "09:01:16"]
[PlyCount "43"]
[TimeControl "2700+45"]

1. d4 Nf6 2. Bf4 d6 3. e3 Nbd7 4. Nd2 e5 5. Bg5 Be7 6. Bxf6 Nxf6 7. Bd3 O-O 8.
Ngf3 Bg4 9. O-O Bxf3 10. Qxf3 c6 11. c3 Qc7 12. Rfe1 d5 13. e4 exd4 14. e5 Nd7
15. cxd4 Bb4 16. Qh3 g6 17. Re2 Rae8 18. e6 fxe6 19. Rxe6 Bxd2 20. Bxg6 hxg6 21.
Rxg6+ Kf7 22. Qh7# {Black checkmated} 1-0

[Event "Team 45 45 League T98"]
[Site "Internet Chess Club"]
[Date "2023.12.21"]
[Round "6"]
[White "BrerRabbit"]
[Black "ChessG2011"]
[Result "0-1"]
[WhiteElo "1302"]
[BlackElo "1372"]
[Opening "Neo-Grünfeld, 6.O-O"]
[ECO "D77"]
[Time "15:17:11"]
[PlyCount "50"]
[TimeControl "2700+45"]

1. d4 Nf6 2. Nf3 g6 3. g3 Bg7 4. Bg2 O-O 5. O-O d5 6. c4 Nbd7 7. b3 e6 8. Bb2 b6
9. Nc3 Bb7 10. cxd5 exd5 11. Rc1 Rc8 12. Re1 Re8 13. e3 Nb8 14. Bh3 Nbd7 15. Nb5
a6 16. Na7 Ra8 17. Nc6 Bxc6 18. Rxc6 Nb8 19. Rc2 Ra7 20. Ne5 Qd6 21. Nd3 Ne4 22.
Qc1 a5 23. a3 Na6 24. Rc6 Qd8 25. Qc2 Nb8 {White forfeits on time} 0-1

[Event "Team 45 45 League T98"]
[Site "Internet Chess Club"]
[Date "2023.12.22"]
[Round "6"]
[White "defythemachine"]
[Black "Ostap-Bender"]
[Result "1-0"]
[WhiteElo "1351"]
[BlackElo "1240"]
[Opening "Bird's opening"]
[ECO "A02"]
[Time "10:00:43"]
[PlyCount "59"]
[TimeControl "2700+45"]

1. f4 e6 2. Nf3 g6 3. Nc3 Bg7 4. e4 Ne7 5. e5 O-O 6. h4 Nf5 7. h5 Ng3 8. Rh3
Nxh5 9. d4 f5 10. Bc4 d5 11. Be2 Bd7 12. Be3 Nc6 13. Qd2 a6 14. O-O-O b5 15.
Rdh1 b4 16. Na4 Nxe5 17. Nxe5 Bxa4 18. Bxh5 Bxe5 19. fxe5 Be8 20. Bf3 Qe7 21. b3
a5 22. Bg5 Qd7 23. g4 Rf7 24. gxf5 Rxf5 25. Rxh7 Qxh7 26. Rxh7 Kxh7 27. Qh2+ Kg8
28. Bf6 Rxf6 29. exf6 Kf7 30. Qh8 {Black resigns} 1-0

[Event "Team 45 45 League T98"]
[Site "Internet Chess Club"]
[Date "2023.12.23"]
[Round "6"]
[White "stantheman59"]
[Black "Tjet"]
[Result "1/2-1/2"]
[WhiteElo "1137"]
[BlackElo "1269"]
[Opening "Queen's Pawn"]
[ECO "A41"]
[Time "18:06:26"]
[PlyCount "32"]
[TimeControl "2700+45"]

1. d4 d6 2. Nf3 Nf6 3. Bf4 g6 4. Qd2 Bg7 5. Bh6 O-O 6. Bxg7 Kxg7 7. Nc3 c6 8. e4
Qa5 9. Bd3 Re8 10. O-O e5 11. dxe5 dxe5 12. a3 Nbd7 13. b4 Qc7 14. Ne2 a5 15. c3
b5 16. Ng3 a4 {Game drawn by mutual agreement} 1/2-1/2

[Event "Team 45 45 League T98"]
[Site "Internet Chess Club"]
[Date "2023.12.22"]
[Round "6"]
[White "tightfist"]
[Black "rjhoro"]
[Result "0-1"]
[WhiteElo "1444"]
[BlackElo "1257"]
[Opening "Nimzovich-Larsen attack: modern variation"]
[ECO "A01"]
[Time "19:05:34"]
[PlyCount "66"]
[TimeControl "2700+45"]

1. b3 e5 2. Bb2 d6 3. e4 Nf6 4. Nc3 Be7 5. Nf3 Bg4 6. Be2 O-O 7. O-O Nbd7 8. d4
c6 9. d5 cxd5 10. exd5 Rc8 11. Rc1 Nb6 12. h3 Bf5 13. Nh4 Qd7 14. Bb5 Qc7 15.
Nxf5 a6 16. Nxe7+ Qxe7 17. Be2 Nfd7 18. Ne4 Rc7 19. c4 Nc8 20. Qd2 f5 21. Ng3
Rf6 22. Bf3 Nc5 23. Rfd1 Rg6 24. Nxf5 Qf6 25. Ng3 Rf7 26. Bh5 Ne7 27. Bxg6 Nxg6
28. Qe3 b6 29. Rf1 Nf4 30. Ne4 Qg6 31. Ng3 Nfd3 32. Rb1 Nxf2 33. Ba3 Ncd3 {White
forfeits on time} 0-1

[Event "Team 45 45 League T98"]
[Site "Internet Chess Club"]
[Date "2023.12.22"]
[Round "6"]
[White "Balderdash"]
[Black "kabubi"]
[Result "1-0"]
[WhiteElo "1093"]
[BlackElo "1121"]
[Opening "Bishop's opening: Berlin defense"]
[ECO "C24"]
[Time "10:31:30"]
[PlyCount "45"]
[TimeControl "2700+45"]

1. e4 e5 2. Bc4 Nf6 3. c3 d5 4. exd5 Nxd5 5. d4 Nb6 6. Bb5+ c6 7. Be2 c5 8. dxc5
Bxc5 9. Qxd8+ Kxd8 10. Be3 Bxe3 11. fxe3 N8d7 12. Nd2 Nf6 13. O-O-O Ke7 14. Ngf3
e4 15. Ng5 h6 16. Ngxe4 Nxe4 17. Nxe4 Rd8 18. Rxd8 Kxd8 19. Rd1+ Kc7 20. Nd6 Be6
21. Nb5+ Kc6 22. Rd6+ Kc5 23. b4# {Black checkmated} 1-0

[Event "Team 45 45 League T98"]
[Site "Internet Chess Club"]
[Date "2023.12.23"]
[Round "6"]
[White "Chess4Him"]
[Black "Megasus"]
[Result "1-0"]
[WhiteElo "1519"]
[BlackElo "1535"]
[Opening "Queen's pawn game"]
[ECO "D00"]
[Time "17:00:26"]
[PlyCount "115"]
[TimeControl "2700+45"]

1. d4 Nf6 2. Nc3 d5 3. Bf4 c6 4. e3 e6 5. Bd3 Qb6 6. Rb1 Bb4 7. a3 Bxc3+ 8. bxc3
Qa5 9. Rb3 Nbd7 10. Ne2 a6 11. Bd6 Ne4 12. Bb4 Qc7 13. Bxe4 dxe4 14. c4 a5 15.
Bc3 f5 16. Nf4 Nf6 17. O-O O-O 18. Qb1 Rb8 19. Rd1 b5 20. d5 exd5 21. Bxf6 gxf6
22. cxd5 Rd8 23. c4 Bd7 24. dxc6 Bxc6 25. Rxd8+ Qxd8 26. Ne6 Qe8 27. Nd4 Bd7 28.
cxb5 Rb6 29. a4 Qe5 30. g3 Qc5 31. Qd1 Qc4 32. Rb2 Rd6 33. Rd2 Qb4 34. Qc2 Kf8
35. Rd1 Ke7 36. Rb1 Qa3 37. Nc6+ Ke8 38. Nxa5 Rd3 39. Nc4 Qc5 40. Rb3 Rxb3 41.
Qxb3 Be6 42. b6 Bxc4 43. b7 Bxb3 44. b8=Q+ Ke7 45. Qxb3 Kf8 46. Qe6 Kg7 47. Qd7+
Kg6 48. Qe8+ Kg7 49. Qb5 Qc1+ 50. Kg2 Qd1 51. a5 Qf3+ 52. Kg1 Qd1+ 53. Qf1 Qb3
54. a6 Qb6 55. Qc4 Kh6 56. Kg2 Kg7 57. Qa4 Qa7 58. Qb5 {Black resigns} 1-0

[Event "Team 45 45 League T98"]
[Site "Internet Chess Club"]
[Date "2023.12.23"]
[Round "6"]
[White "PsyMar"]
[Black "blind-warrior"]
[Result "0-1"]
[WhiteElo "1301"]
[BlackElo "1231"]
[Opening "Sicilian: Alapin's variation (2.c3)"]
[ECO "B22"]
[Time "15:17:07"]
[PlyCount "78"]
[TimeControl "2700+45"]

1. e4 c5 2. c3 Nc6 3. d4 cxd4 4. cxd4 d5 5. e5 e6 6. f4 Nge7 7. Nf3 a6 8. Be3
Qb6 9. Bd3 Qxb2 10. Nbd2 Qb6 11. Rb1 Qc7 12. O-O Nf5 13. Bf2 Be7 14. Nb3 O-O 15.
g4 Nh6 16. Ng5 f5 17. gxf5 Nxf5 18. Bxf5 Rxf5 19. Be3 h6 20. Nf3 Bd7 21. Nc5
Bxc5 22. dxc5 Rb8 23. Nh4 Rf7 24. Kh1 Be8 25. Rg1 d4 26. Bd2 Ne7 27. Bb4 Rxf4
28. Nf3 Bc6 29. Rb3 Bxf3+ 30. Rxf3 Qc6 31. Rg3 Rbf8 32. Kg2 Nf5 33. Kf2 Nxg3 34.
Rxf4 Rxf4+ 35. Kxg3 Qe4 36. Bd2 Rf5 37. h4 Qxe5+ 38. Kh3 Qe4 39. Kg3 h5 {White
resigns} 0-1

[Event "Team 45 45 League T98"]
[Site "Internet Chess Club"]
[Date "2023.12.22"]
[Round "6"]
[White "Maybeiwill"]
[Black "Dwilkes"]
[Result "1-0"]
[WhiteElo "1295"]
[BlackElo "1062"]
[Opening "Queen's pawn: Chigorin variation"]
[ECO "D00"]
[Time "11:18:12"]
[PlyCount "61"]
[TimeControl "2700+45"]

1. d4 d5 2. Nc3 c6 3. Bf4 Nf6 4. e3 Bf5 5. f3 e6 6. g4 Bg6 7. h4 h6 8. Bd3 Bxd3
9. Qxd3 Qb6 10. O-O-O Nbd7 11. e4 dxe4 12. Nxe4 Nd5 13. Bg3 Nb4 14. Qb3 Nd5 15.
Ne2 Qxb3 16. axb3 O-O-O 17. Nd6+ Bxd6 18. Bxd6 g5 19. c4 N5f6 20. Nc3 Rdg8 21.
d5 exd5 22. cxd5 c5 23. Rde1 Re8 24. Re7 Rxe7 25. Bxe7 Nh7 26. hxg5 Ne5 27. Rxh6
Nd3+ 28. Kd2 Ne5 29. Bf6 Nxf3+ 30. Ke2 Nd4+ 31. Kd3 {Black resigns} 1-0

[Event "Team 45 45 League T98"]
[Site "Internet Chess Club"]
[Date "2023.12.23"]
[Round "6"]
[White "sdcohle"]
[Black "Kingofknights"]
[Result "0-1"]
[WhiteElo "1406"]
[BlackElo "1499"]
[Opening "Caro-Kann defense"]
[ECO "B10"]
[Time "15:05:40"]
[PlyCount "94"]
[TimeControl "2700+45"]

1. e4 c6 2. Nf3 d5 3. exd5 cxd5 4. Ne5 Nf6 5. d4 Bf5 6. Bd3 Bxd3 7. Qxd3 a6 8.
O-O e6 9. Nd2 Nbd7 10. Ndf3 Qc7 11. Re1 Be7 12. Bd2 O-O 13. h3 Rfc8 14. c3 Ne4
15. Bf4 Bd6 16. Bh2 b5 17. Nxd7 Bxh2+ 18. Nxh2 Qxd7 19. f3 Nd6 20. Ng4 Qc7 21.
Rac1 Nc4 22. Rc2 Qb6 23. Ne3 a5 24. Nxc4 bxc4 25. Qe2 a4 26. Rb1 Rcb8 27. Kh2
Qd6+ 28. g3 Ra6 29. f4 Rab6 30. Qe5 Qxe5 31. fxe5 a3 32. Kg2 Rxb2 33. Rcxb2
Rxb2+ 34. Rxb2 axb2 35. a4 b1=Q 36. a5 Qa2+ 37. Kf3 Qxa5 38. h4 Qxc3+ 39. Kg2
Qxd4 40. Kh3 Qxe5 41. Kg4 h5+ 42. Kh3 Qe2 43. g4 hxg4+ 44. Kg3 Qf3+ 45. Kh2 Qf2+
46. Kh1 g3 47. h5 Qh2# {White checkmated} 0-1

[Event "Team 45 45 League T98"]
[Site "Internet Chess Club"]
[Date "2023.12.27"]
[Round "6"]
[White "Constrictor"]
[Black "Denis240964"]
[Result "1/2-1/2"]
[WhiteElo "1395"]
[BlackElo "1288"]
[Opening "Réti: Nimzovich-Larsen attack"]
[ECO "A06"]
[Time "18:00:42"]
[PlyCount "96"]
[TimeControl "2700+45"]

1. Nf3 d5 2. b3 e6 3. e3 c5 4. Bb2 Nf6 5. Ne5 Be7 6. f4 O-O 7. d3 Nbd7 8. Nd2
Nxe5 9. Bxe5 Nd7 10. Bb2 Bf6 11. Bxf6 Nxf6 12. Be2 b5 13. O-O Bb7 14. g4 Qc7 15.
g5 Nd7 16. Rf3 f6 17. Rg3 g6 18. Bg4 f5 19. Bf3 e5 20. fxe5 Nxe5 21. Bg2 Rae8
22. e4 f4 23. Rh3 dxe4 24. Bxe4 Bxe4 25. Nxe4 f3 26. Nf6+ Rxf6 27. gxf6 Rf8 28.
Rxf3 Nxf3+ 29. Qxf3 Qe5 30. Rf1 Qc7 31. Qe4 Qd7 32. c3 Kf7 33. Qh4 h5 34. Qg5
Qd6 35. Qh6 Qxd3 36. Qg7+ Ke6 37. Qxf8 Qe3+ 38. Kg2 Qe4+ 39. Kg1 Qg4+ 40. Kf2
Qf4+ 41. Ke2 Qe4+ 42. Kd2 Qg2+ 43. Ke1 Qe4+ 44. Kd1 Qd3+ 45. Ke1 Qe3+ 46. Kd1
Qd3+ 47. Ke1 Qe3+ 48. Kd1 Qd3+ {Game drawn by repetition} 1/2-1/2

[Event "Team 45 45 League T98"]
[Site "Internet Chess Club"]
[Date "2023.12.23"]
[Round "6"]
[White "Visin"]
[Black "Toalla"]
[Result "0-1"]
[WhiteElo "1245"]
[BlackElo "1119"]
[Opening "Sicilian"]
[ECO "B56"]
[Time "14:00:21"]
[PlyCount "108"]
[TimeControl "2700+45"]

1. e4 c5 2. Nf3 d6 3. d4 cxd4 4. Nxd4 Nf6 5. Nc3 e5 6. Nf3 a6 7. Be2 Be7 8. Be3
O-O 9. O-O Nc6 10. a3 h6 11. Nd2 Be6 12. Nb3 Bxb3 13. cxb3 Rc8 14. Rc1 Na5 15.
b4 Nc4 16. Bxc4 Rxc4 17. f3 Qc8 18. Na4 Rxc1 19. Qxc1 Nd7 20. Rd1 Kh7 21. Nb6
Nxb6 22. Bxb6 Qc6 23. Be3 Rc8 24. g4 Qxc1 25. Rxc1 Rxc1+ 26. Bxc1 b5 27. Kf2 g5
28. Be3 Bd8 29. Kg3 Kg6 30. f4 exf4+ 31. Bxf4 gxf4+ 32. Kxf4 Bg5+ 33. Kf3 f6 34.
b3 Bf4 35. h3 Bc1 36. a4 Bd2 37. axb5 axb5 38. Ke2 Bxb4 39. h4 h5 40. Kf3 Be1
41. gxh5+ Kxh5 42. Ke3 Kxh4 43. Kd4 Bg3 44. Kd5 Be5 45. Kc6 b4 46. Kb5 Bc3 47.
Kc6 Be5 48. Kb5 Bc3 49. Kc6 Kg4 50. Kxd6 Kf4 51. Kd5 Be5 52. Kc4 Kxe4 53. Kxb4
f5 54. Kc4 f4 {White resigns} 0-1

[Event "Team 45 45 League T98"]
[Site "Internet Chess Club"]
[Date "2023.12.26"]
[Round "6"]
[White "BlueStorm"]
[Black "clarinetref"]
[Result "0-1"]
[WhiteElo "1567"]
[BlackElo "1552"]
[Opening "Trompowsky attack (Ruth, Opocenský opening)"]
[ECO "A45"]
[Time "10:07:31"]
[PlyCount "156"]
[TimeControl "2700+45"]

1. d4 Nf6 2. Bg5 e6 3. e4 Be7 4. Nc3 h6 5. Bf4 Bb4 6. a3 Bxc3+ 7. bxc3 Nxe4 8.
Qd3 Nf6 9. Nf3 d6 10. Be2 O-O 11. h4 b6 12. Qe3 Nd5 13. Qd2 Nxf4 14. Qxf4 Ba6
15. Bxa6 Nxa6 16. g4 Qe7 17. h5 e5 18. Qe3 Rae8 19. Kd2 c6 20. Rae1 Qd7 21. Qd3
Qxg4 22. Re4 Qg2 23. Rhe1 Nc7 24. dxe5 dxe5 25. Qe2 Rd8+ 26. Kc1 Nd5 27. Rh4 e4
28. Nd4 Qg5+ 29. Kb2 Qxh4 30. Rg1 Nf4 31. Qxe4 Rxd4 32. Qxd4 f6 33. Qd7 Rf7 34.
Qe8+ Rf8 35. Qe7 Nxh5 36. Qe6+ Kh8 37. Qe7 Rg8 38. Qxa7 Qxf2 39. Rd1 Qc5 40. Qf7
Qb5+ 41. Ka2 Qf5 42. Kb2 Nf4 43. Qc7 Qb5+ 44. Ka2 Nd5 45. Qg3 Qc5 46. Kb3 Ra8
47. Ra1 Qb5+ 48. Ka2 Qc4+ 49. Kb2 Re8 50. Rg1 g5 51. Rh1 Kg7 52. Qh3 Qxc3+ 53.
Qxc3 Nxc3 54. Kxc3 f5 55. Rd1 Re7 56. Rd6 Rc7 57. Kd4 f4 58. Ke4 b5 59. Kf3 c5
60. Rb6 b4 61. axb4 cxb4 62. Rxb4 Rxc2 63. Rb7+ Kg6 64. Rb5 h5 65. Rd5 Rc3+ 66.
Kf2 g4 67. Kg2 Rc2+ 68. Kg1 f3 69. Kh1 Re2 70. Kg1 g3 71. Kf1 Rh2 72. Kg1 Ra2
73. Rd1 h4 74. Rc1 Kg5 75. Rc5+ Kg4 76. Rc4+ Kh3 77. Rc1 f2+ 78. Kf1 g2# {White
checkmated} 0-1

[Event "Team 45 45 League T98"]
[Site "Internet Chess Club"]
[Date "2023.12.23"]
[Round "6"]
[White "herrahuu"]
[Black "CMAlge"]
[Result "0-1"]
[WhiteElo "1417"]
[BlackElo "1372"]
[Opening "Caro-Kann defense"]
[ECO "B11"]
[Time "10:00:58"]
[PlyCount "44"]
[TimeControl "2700+45"]

1. e4 c6 2. Nc3 d5 3. Qe2 d4 4. Nd1 e5 5. d3 c5 6. g3 Nc6 7. f4 Bd6 8. Nf3 Qc7
9. f5 f6 10. Bg2 Bd7 11. O-O O-O-O 12. g4 Nge7 13. g5 Rdg8 14. h4 fxg5 15. Nxg5
Nd8 16. Nf2 h6 17. Ngh3 Nf7 18. Bf3 g5 19. Bh5 gxh4+ 20. Kh2 Nxf5 21. Bxf7 Ng3
22. Rg1 Nxe2 {White resigns} 0-1

[Event "Team 45 45 League T98"]
[Site "Internet Chess Club"]
[Date "2023.12.30"]
[Round "6"]
[White "Fulmar"]
[Black "g8wrb"]
[Result "1-0"]
[WhiteElo "1236"]
[BlackElo "1260"]
[Opening "Queen's pawn game"]
[ECO "D05"]
[Time "10:05:53"]
[PlyCount "67"]
[TimeControl "2700+45"]

1. d4 e6 2. Nf3 d5 3. e3 Nf6 4. Bd3 Bd6 5. b3 Qe7 6. Bb2 Bd7 7. Nbd2 c5 8. Ne5
O-O 9. O-O Nc6 10. a3 a6 11. f4 Rac8 12. Rf3 cxd4 13. exd4 g6 14. Rg3 Bxe5 15.
fxe5 Ne8 16. Nf3 Ng7 17. Rh3 f6 18. exf6 Rxf6 19. Ne5 Nf5 20. Nxd7 Qxd7 21. Qg4
Rcf8 22. Re1 R8f7 23. Bxf5 exf5 24. Qf4 Re7 25. Rhe3 Rxe3 26. Qxe3 Kf8 27. c4
Kf7 28. cxd5 Ne7 29. d6 Rxd6 30. Qd2 Nc6 31. Qh6 Kg8 32. d5 Rxd5 33. Re8+ Kf7
34. Qf8# {Black checkmated} 1-0

[Event "Team 45 45 League T98"]
[Site "Internet Chess Club"]
[Date "2023.12.22"]
[Round "6"]
[White "SeniorCitizen"]
[Black "Reykjaviking"]
[Result "0-1"]
[WhiteElo "1129"]
[BlackElo "1348"]
[Opening "Danish gambit: Schlechter defense"]
[ECO "C21"]
[Time "13:00:32"]
[PlyCount "28"]
[TimeControl "2700+45"]

1. e4 e5 2. d4 exd4 3. c3 dxc3 4. Bc4 cxb2 5. Bxb2 d5 6. Bxd5 Nf6 7. Bxf7+ Kxf7
8. Qxd8 Bb4+ 9. Qd2 Bxd2+ 10. Nxd2 Re8 11. Bxf6 Kxf6 12. f3 Nc6 13. Ne2 Nb4 14.
Rc1 Nd3+ {White resigns} 0-1